Map: 国王藏宝地-天梯版

Players

Toodming

  • Race: Zerg Zerg
  • League: Gold

INnoVation - Winner!

  • Race: Terran Terran
  • League: Diamond

Event: WESG 2018 Grand Finals

VOD

Have the link to the VOD?

Description

Time

  • Played on: March 12, 2019, 2:41 a.m.
  • Length: 6:02

All games in this series

Show
View Real Time Build Order
Export as new Build Order

Toodming Zerg 

Build Orders: Pool First 

Get SALT Encoding   

  12  0:00  Drone  
  13  0:13  Overlord  
  13  0:18  Drone  
  14  0:32  Drone x2  
  16  0:42  Spawning Pool  
  16  0:46  Drone  
  17  0:50  Drone  
  17  1:12  Hatchery  
  17  1:15  Drone  
  17  1:29  Zergling x2, Extractor  
  17  1:30  Zergling x4  
  19  1:36  Queen  
  21  1:44  Overlord  
  21  1:52  Drone  
  22  2:07  Drone  
  23  2:12  Queen  
  25  2:17  Drone  
  26  2:24  Queen  
  26  2:26  Drone x2  
  30  2:31  Metabolic Boost  
  30  2:38  Drone  
  30  2:42  Drone  
  32  2:48  Drone x2  
  32  2:49  Drone  
  35  2:55  Drone  
  35  2:58  Overlord  
  36  3:13  Hatchery  
  36  3:19  Drone x3  
  38  3:22  Drone  
  38  3:23  Drone  
  40  3:30  Drone  
  40  3:33  Queen  
  43  3:36  Overlord  
  43  3:38  Drone  
  44  3:46  Overlord  
  44  4:00  Drone x6  
  50  4:06  Baneling Nest  
  50  4:07  Extractor  
  50  4:09  Queen  
  50  4:12  Lair  
  50  4:15  Zergling x4  
  50  4:16  Overlord  
  52  4:23  Drone x3  
  55  4:27  Drone x2  
  57  4:33  Drone  
  57  4:34  Drone x2  
  57  4:36  Queen  
  62  4:40  Zergling x4  
  64  4:48  Spore Crawler  
  64  4:49  Spore Crawler  
  64  4:50  Spore Crawler  
  61  4:53  Drone x2  
  61  4:55  Drone  
  61  4:58  Drone x2  
  66  5:02  Overlord x2  
  66  5:09  Baneling x2  
  66  5:10  Baneling x5  
  66  5:16  Overseer, Spore Crawler  
  65  5:22  Zergling x10  
  62  5:29  Zergling x12  
  67  5:39  Zergling x6  
  70  5:42  Zergling x2  
  70  5:43  Zergling x2  
  70  5:44  Overlord  
Show
View Real Time Build Order
Export as new Build Order

INnoVation Terran - Winner!

Build Orders: Reaper Expand 

Get SALT Encoding   

  12  0:00  SCV  
  13  0:12  SCV  
  14  0:18  Supply Depot  
  14  0:24  SCV  
  15  0:39  SCV  
  15  0:42  Barracks  
  16  0:45  Refinery  
  16  0:52  SCV  
  17  1:04  SCV  
  18  1:16  SCV  
  19  1:29  Reaper, Orbital Command  
  20  1:42  Command Center  
  20  1:55  Supply Depot, SCV  
  20  2:01  Marine  
  22  2:07  SCV  
  23  2:13  Factory  
  22  2:18  Marine  
  22  2:19  SCV  
  24  2:24  Refinery  
  24  2:31  SCV  
  24  2:37  Barracks Reactor  
  25  2:43  SCV  
  26  2:55  Orbital Command  
  26  2:57  Starport, Hellion  
  28  2:58  SCV  
  29  3:10  SCV  
  30  3:22  Barracks Tech Lab  
  30  3:23  SCV x2  
  30  3:25  Hellion x2  
  35  3:35  Viking  
  35  3:36  SCV  
  35  3:38  Supply Depot  
  39  3:42  Marauder  
  41  3:49  Hellion x2  
  41  3:53  SCV x2  
  46  4:00  Supply Depot  
  46  4:04  Marauder  
  46  4:05  Medivac  
  50  4:11  Armory  
  50  4:12  Concussive Shells  
  52  4:17  Hellion  
  52  4:19  Hellion  
  52  4:23  Liberator  
  54  4:24  Supply Depot  
  54  4:26  Marauder  
  54  4:29  SCV  
  54  4:30  SCV  
  61  4:46  Hellion x2  
  61  4:47  Supply Depot  
  65  4:53  SCV x2  
  65  4:54  Marauder  
  69  5:06  Supply Depot  
  69  5:09  Hellion x2  
  69  5:10  SCV  
  69  5:11  Supply Depot, SCV  
  75  5:15  Marine  
  70  5:29  SCV x2  
  70  5:31  Hellion x2  
  78  5:41  SCV x2  
  77  5:51  Command Center  
Tags
 
Add a new tag
Caveats
  • Supply blocks, unpowered buildings, or Contaminate may cause inaccurate times.
  • Supply counts are checked every 10 seconds.